 Dungeon Crawl Stone Soup version 0.22-a0-439-gac93bac (webtiles) character file.

47530 emperorscorpion the Fencer (level 14, 0/133 HPs)
             Began as a Minotaur Berserker on May 29, 2018.
             Was a High Priest of Trog.
             Slain by an emperor scorpion (9 damage)
             ... on level 3 of the Spider Nest.
             The game lasted 00:26:40 (9701 turns).

emperorscorpion the Fencer (Minotaur Berserker)     Turns: 9701, Time: 00:26:40

Health: 0/133      AC: 23    Str: 28    XL:     14   Next: 8%
Magic:  13/13      EV: 16    Int:  4    God:    Trog [*****.]
Gold:   800        SH:  9    Dex: 12    Spells: 13/13 levels left

rFire    . . .     SeeInvis .   F - +1 falchion (vamp)
rCold    . . .     Gourm    .   H - +0 buckler
rNeg     . . .     Faith    .   w - +8 scale mail "Gazetem" {Str+3}
rPois    +         Spirit   .   (helmet restricted)
rElec    .         Reflect  +   (no cloak)
rCorr    .         Harm     .   l - +0 pair of gloves
MR       +....                  p - +1 pair of boots
Stlth    +.........             y - +4 amulet of reflection
HPRegen  0.32/turn              E - ring of poison resistance
MPRegen  0.13/turn              r - +2 ring of protection

@: berserk cooldown, slowed, very slow
A: retaliatory headbutt, horns 2
a: Berserk, Trog's Hand, Brothers in Arms, Renounce Religion


You were on level 3 of the Spider Nest.
You worshipped Trog.
Trog was extremely pleased with you.
You were not hungry.

You visited 3 branches of the dungeon, and saw 25 of its levels.

You collected 800 gold pieces.

Inventory:

Hand Weapons
 F - a +1 vampiric falchion (weapon)
 R - a +0 blowgun
 V - the +6 demon blade "Zaall" {flame, Str+4 Int+4}
   (Trog gifted it to you on level 3 of the Lair of Beasts)

   It has been specially enchanted to burn those struck by it, causing extra
   injury to most foes and up to half again as much damage against particularly
   susceptible opponents.
   Big, fiery blades are also staple armaments of hydra-hunters.
   It affects your strength (+4).
   It affects your intelligence (+4).
 Z - a +3 double sword of draining
Missiles
 j - 185 stones (quivered)
 k - 159 arrows
 q - 2 throwing nets
 u - 19 tomahawks
 x - 76 sling bullets
 B - 79 bolts
 G - 53 poisoned needles
 L - 2 needles of sleeping
 Q - 14 tomahawks of returning
Armour
 b - a +0 animal skin
 l - a +0 pair of gloves (worn)
 n - a +1 chain mail
 o - a +0 scale mail
 p - a +1 pair of boots (worn)
 w - the +8 scale mail "Gazetem" (worn) {Str+3}
   (You found it on level 5 of the Dungeon)

   It affects your strength (+3).
 H - a +0 buckler (worn)
 S - a +0 large shield
Magical Staves
 I - an uncursed staff of poison
Jewellery
 d - an uncursed ring of wizardry
 r - a +2 ring of protection (right hand)
 y - a +4 amulet of reflection (around neck)
 D - an uncursed ring of positive energy
 E - a ring of poison resistance (left hand)
 K - an uncursed ring of flight
 N - an uncursed amulet of the acrobat
Wands
 a - a wand of paralysis (10)
 z - a wand of flame (57)
 T - a wand of digging (14)
 W - a wand of enslavement (5)
Scrolls
 e - 2 scrolls of identify
 g - 11 scrolls of remove curse
 A - 2 scrolls of enchant armour
 P - 2 scrolls of fear
 X - 4 scrolls of teleportation
 Y - a scroll of blinking
Potions
 f - 9 potions of curing
 h - 4 potions of flight
 i - a potion of ambrosia
 m - 2 potions of berserk rage
 s - 4 potions of degeneration
 t - 5 potions of heal wounds
 v - 2 potions of might
 C - 3 potions of magic
 O - a potion of mutation
 U - a potion of haste
Miscellaneous
 J - a sack of spiders
 M - a box of beasts
Comestibles
 c - 20 rations


   Skills:
 + Level 14.8 Fighting
 + Level 16.5 Long Blades
 + Level 12.7 Armour
 + Level 11.2 Dodging
 + Level 2.2 Stealth
 - Level 6.5 Shields
 + Level 0.3 Evocations


You had 13 spell levels left.
You didn't know any spells.
Your spell library contained the following spells:

 Spells                   Type           Power        Failure   Level  Hunger
 Magic Dart               Conj           #...         71%         1    ##.....
 Apportation              Tloc           #.....       71%         1    ##.....
 Conjure Flame            Conj/Fire      #.......     97%         3    ####...
 Slow                     Hex            #.......     83%         2    ###....
 Mephitic Cloud           Conj/Pois/Air  #.......     97%         3    ####...
 Summon Small Mammal      Summ           #...         71%         1    ##.....
 Bolt of Draining         Conj/Necr      #.........   100%        5    ######.
 Blink                    Tloc           N/A          83%         2    ###....
 Animate Skeleton         Necr           N/A          71%         1    ##.....
 Call Imp                 Summ           #.......     83%         2    ###....
 Dispel Undead            Necr           #.......     100%        5    ######.
 Sublimation of Blood     Necr           #.........   83%         2    ###....
 Corpse Rot               Necr           N/A          83%         2    ###....
 Stone Arrow              Conj/Erth      #.....       97%         3    ####...
 Agony                    Necr           #.......     100%        5    ######.
 Statue Form              Tmut/Erth      #........    100%        6    #######
 Dragon Form              Tmut           #.........   100%        7    #######
 Deflect Missiles         Chrm/Air       #.........   100%        6    #######
 Confusing Touch          Hex            #.....       71%         1    ##.....
 Silence                  Hex/Air        #.........   100%        5    ######.
 Conjure Ball Lightning   Conj/Air       #.........   100%        6    #######
 Excruciating Wounds      Chrm/Necr      #.........   100%        5    ######.
 Tornado                  Air            #.........   100%        9    #######
 Leda's Liquefaction      Hex/Erth       #.........   100%        4    #####..
 Summon Hydra             Summ           #.........   100%        7    #######
 Summon Forest            Summ/Tloc      #.........   100%        5    ######.
 Summon Lightning Spire   Summ/Air       #.......     100%        4    #####..
 Hydra Form               Tmut           #.........   100%        6    #######
 Irradiate                Conj/Tmut      #.........   100%        5    ######.


Dungeon Overview and Level Annotations

Branches:
Dungeon (15/15)            Temple (0/1) D:4            Lair (6/6) D:10
 Spider (4/4) Lair:3        Slime (0/5) Lair:6          Orc (0/2) D:11
  Swamp: Lair:2-4    Shoals: Lair:2-4    Vaults: D:13-14     Depths: D:15

Altars:
Elyvilon
Hepliaklqana
Makhleb
Nemelex Xobeh
Qazlal


Innate Abilities, Weirdness & Mutations

You reflexively headbutt those who attack you in melee.
You have a pair of horns on your head.


Message History

Your larval stingbat beast hits the emperor scorpion but does no damage.
Your larval stingbat beast barely misses the emperor scorpion.
Unknown command.
You hit the emperor scorpion but do no damage.
Your larval stingbat beast barely misses the emperor scorpion. x2
The emperor scorpion stings you.
You are poisoned.
The emperor scorpion poisons you! The emperor scorpion claws you.
* * * LOW HITPOINT WARNING * * *
The emperor scorpion closely misses you.
You feel better.
Your larval stingbat beast hits the emperor scorpion!
Your larval stingbat beast stings the emperor scorpion but does no damage.
The emperor scorpion stings you!!
* * * LOW HITPOINT WARNING * * *
You block the emperor scorpion's attack.
The emperor scorpion misses you. The emperor scorpion stings you!!
* * * LOW HITPOINT WARNING * * *
The emperor scorpion claws you!
You die...

#....^##
####..^††
#.>...###
#...>.
#.^.....#
#..##..†.#
#.##...##
....######
###....## $...
#.....^.##..#
#......##...##
#..#...#.....##
#..#@.##.^^....
#..#.s#....>...
#.##...^..##...
## #.......#
##H......#
#...#.####
#######


You could see an emperor scorpion and a friendly larval stingbat beast.

Vanquished Creatures
  Arachne (Spider:3)
  4 dire elephants (Lair:6)
  A spark wasp (Spider:3)
  3 hydras
  An anaconda (Lair:6)
  4 two-headed ogres
  A tengu warrior (D:13)
  The ghost of KeeTraxx the Martial Artist, a novice MfTm of Wu Jian (D:8)
  An unseen horror (D:11)
  10 wolf spiders
  An orb spider (Spider:1)
  A deep elf mage (D:15)
  An ugly thing (D:11)
  A cyclops (D:12)
  3 manticores (D:11)
  4 slime creatures
  A moth of wrath (Spider:2)
  7 elephants
  A black mamba (Lair:5)
  Psyche (D:8)
  5 spiny frogs
  2 demonic crawlers (Spider:3)
  2 trolls (D:10)
  3 komodo dragons
  2 jumping spiders
  19 blink frogs
  A hippogriff (Lair:2)
  A wyvern (Lair:3)
  Sigmund (D:3)
  23 redbacks
  8 tarantellas
  Eustachio (D:5)
  2 basilisks (Lair:6)
  26 yaks
  3 porcupines
  2 water moccasins
  5 orc warriors
  2 sky beasts
  3 ice beasts
  4 wolves (D:10)
  2 ogres
  4 phantoms
  2 centaurs
  5 crocodiles
  2 big kobolds
  3 bullfrogs
  6 scorpions
  A wyvern skeleton (D:6)
  9 killer bees
  7 howler monkeys
  6 crimson imps
  A centaur zombie (D:5)
  4 jellies
  2 quasits
  A bullfrog zombie (D:10)
  4 bullfrog skeletons
  10 hounds
  6 orc priests
  2 iguanas
  12 orc wizards
  9 worker ants
  A hound skeleton (D:10)
  4 gnolls (D:2)
  7 adders
  4 shadow imps
  5 oozes (Lair:6)
  An adder skeleton (D:8)
  A worm (D:3)
  3 dart slugs
  5 leopard geckos
  59 orcs
  A ball python (D:2)
  2 giant cockroaches
  7 goblins
  5 hobgoblins
  3 jackals
  3 quokkas
  6 bats
  3 frilled lizards (D:1)
  12 kobolds
  6 rats
  2 plants (Lair:6)
401 creatures vanquished.

Vanquished Creatures (collateral kills)
  A wolf spider (Spider:1)
  An orb spider (Spider:1)
  A demonic crawler (Spider:1)
  A jumping spider (Spider:1)
4 creatures vanquished.

Vanquished Creatures (others)
  A yak (Lair:6)
  A redback (Spider:3)
  A fungus (Lair:4)
  3 plants
6 creatures vanquished.

Grand Total: 411 creatures vanquished

Notes
Turn   | Place    | Note
-------+----------+-------------------------------------------
     0 | D:1      | emperorscorpion the Minotaur Berserker began the quest for the Orb.
     0 | D:1      | Reached XP level 1. HP: 19/19 MP: 0/0
    35 | D:1      | Reached XP level 2. HP: 21/27 MP: 1/1
    64 | D:1      | Reached skill level 4 in Long Blades
   520 | D:1      | Reached ** piety under Trog
   682 | D:3      | Reached XP level 3. HP: 34/34 MP: 2/2
  1164 | D:2      | Reached XP level 4. HP: 41/41 MP: 3/3
  1433 | D:2      | Found a stormy altar of Qazlal.
  1434 | D:2      | Noticed a fire elemental
  1592 | D:3      | Reached skill level 5 in Fighting
  1592 | D:3      | Reached skill level 5 in Long Blades
  1601 | D:3      | Reached *** piety under Trog
  1736 | D:4      | Found a staircase to the Ecumenical Temple.
  1782 | D:5      | Entered Level 5 of the Dungeon
  1791 | D:5      | Noticed an ogre
  1798 | D:5      | Killed an ogre
  1798 | D:5      | Reached XP level 5. HP: 48/48 MP: 4/4
  1821 | D:4      | Reached XP level 6. HP: 7/56 MP: 5/5
  2325 | D:3      | Noticed Sigmund
  2334 | D:3      | Killed Sigmund
  2334 | D:3      | Reached skill level 6 in Long Blades
  2334 | D:3      | Reached skill level 1 in Stealth
  2728 | D:5      | Reached XP level 7. HP: 57/62 MP: 6/6
  2758 | D:5      | Found a sparkling altar of Nemelex Xobeh.
  2811 | D:5      | Found a burning altar of Makhleb.
  2930 | D:5      | Reached skill level 7 in Long Blades
  2930 | D:5      | Reached skill level 5 in Armour
  3008 | D:5      | Got a twisted scale mail
  3019 | D:5      | Identified the +8 scale mail "Gazetem" {Str+3} (You found it on level 5 of the Dungeon)
  3404 | D:5      | Noticed Eustachio
  3421 | D:5      | Killed Eustachio
  3421 | D:5      | Reached skill level 8 in Long Blades
  3421 | D:5      | Reached XP level 8. HP: 71/71 MP: 7/7
  3422 | D:5      | Found a hazy altar of Hepliaklqana.
  3638 | D:8      | Noticed KeeTraxx's ghost (novice MfTm)
  3643 | D:8      | Reached skill level 9 in Long Blades
  3651 | D:8      | Killed KeeTraxx's ghost
  3651 | D:8      | Reached skill level 10 in Long Blades
  3651 | D:8      | Reached XP level 9. HP: 81/81 MP: 8/8
  3736 | D:8      | Noticed Psyche
  3744 | D:8      | Killed Psyche
  3744 | D:8      | Reached skill level 5 in Dodging
  3832 | D:8      | Reached skill level 11 in Long Blades
  3840 | D:8      | Reached **** piety under Trog
  3916 | D:8      | Noticed a two-headed ogre
  3926 | D:8      | Killed a two-headed ogre
  4009 | D:9      | Reached skill level 12 in Long Blades
  4122 | D:9      | Reached XP level 10. HP: 90/90 MP: 9/9
  4865 | D:9      | Noticed a two-headed ogre
  4870 | D:9      | Killed a two-headed ogre
  4870 | D:9      | Reached skill level 13 in Long Blades
  5220 | D:10     | Entered Level 10 of the Dungeon
  5284 | D:10     | Reached ***** piety under Trog
  5412 | D:10     | Found a staircase to the Lair.
  5427 | D:10     | Noticed a two-headed ogre
  5446 | D:10     | Killed a two-headed ogre
  5679 | D:11     | Noticed a manticore
  5689 | D:11     | Killed a manticore
  5689 | D:11     | Reached XP level 11. HP: 99/99 MP: 10/10
  5697 | D:11     | Reached skill level 14 in Long Blades
  5720 | D:11     | Found a staircase to the Orcish Mines.
  5750 | D:11     | Received a gift from Trog
  5802 | D:11     | Noticed a red ugly thing
  5836 | D:11     | Killed a red ugly thing
  5836 | D:11     | Reached skill level 10 in Fighting
  6261 | D:11     | Killed an unseen horror
  6277 | D:11     | Received a gift from Trog
  6310 | D:11     | Noticed a two-headed ogre
  6324 | D:11     | Killed a two-headed ogre
  6335 | D:11     | Reached skill level 1 in Shields
  6717 | D:13     | Noticed a tengu warrior
  6748 | D:13     | Killed a tengu warrior
  6882 | D:15     | Entered Level 15 of the Dungeon
  6885 | D:15     | Noticed a deep elf mage
  6898 | D:15     | Killed a deep elf mage
  6990 | D:15     | Found a white marble altar of Elyvilon.
  7113 | D:14     | Received a gift from Trog
  7140 | D:13     | Reached XP level 12. HP: 110/110 MP: 11/11
  7307 | Lair:1   | Entered Level 1 of the Lair of Beasts
  7311 | Lair:1   | Reached skill level 15 in Long Blades
  7390 | Lair:2   | Noticed a six-headed hydra
  7399 | Lair:2   | Killed a 12-headed hydra
  7472 | Lair:3   | You fall through a shaft for 3 floors!
  7472 | Lair:6   | Entered Level 6 of the Lair of Beasts
  7484 | Lair:6   | Found a staircase to the Slime Pits.
  7594 | Lair:5   | Reached skill level 10 in Armour
  8000 | Lair:6   | Noticed an anaconda
  8017 | Lair:6   | Killed an anaconda
  8026 | Lair:6   | Noticed a dire elephant
  8026 | Lair:6   | Noticed a dire elephant
  8038 | Lair:6   | Killed a dire elephant
  8047 | Lair:6   | Killed a dire elephant
  8145 | Lair:6   | Noticed a dire elephant
  8145 | Lair:6   | Noticed a dire elephant
  8148 | Lair:6   | Noticed a dire elephant
  8165 | Lair:6   | Killed a dire elephant
  8172 | Lair:6   | Killed a dire elephant
  8172 | Lair:6   | Reached XP level 13. HP: 122/122 MP: 12/12
  8503 | Lair:5   | Reached skill level 10 in Dodging
  8632 | Lair:4   | Reached skill level 5 in Shields
  8669 | Lair:4   | Reached skill level 16 in Long Blades
  8688 | Lair:3   | Found a hole to the Spider Nest.
  8728 | Lair:3   | Reached ****** piety under Trog
  8790 | Lair:3   | Received a gift from Trog
  8796 | Lair:3   | Identified the +6 demon blade "Zaall" {flame, Str+4 Int+4} (Trog gifted it to you on level 3 of the Lair of Beasts)
  8810 | Spider:1 | Entered Level 1 of the Spider Nest
  9498 | Spider:3 | Noticed Arachne
  9528 | Spider:3 | Killed Arachne
  9570 | Spider:4 | Entered Level 4 of the Spider Nest
  9570 | Spider:4 | Noticed a spark wasp
  9589 | Spider:3 | Reached XP level 14. HP: 80/133 MP: 13/13
  9642 | Spider:3 | Received a gift from Trog
  9692 | Spider:3 | Noticed an emperor scorpion
  9701 | Spider:3 | Slain by an emperor scorpion

Vault maps used:
D:1:      dpeg_arrival_round_a, minmay_misc_feat_five, serial_bayou_lagoon_a
D:2:      chequers_temple_overflow_minitemple, lemuel_coloured_pillars_altar,
          nicolae_qazlal_style_of_elements
D:3:      led_sif_pool, uniq_sigmund
D:4:      minmay_temple_entry_overgrown, first_ration, kennysheep_dice
D:5:      old_standard_altar, nemelex_altar_shiori, basic_altar,
          minmay_misc_feat_room, serial_park_tiny_2, uniq_eustachio
D:6:      serial_shops, nicolae_shop_window_shopping
D:7:      lemuel_round_altar, enter_ossuary_4, st_stairs_5, hex_tiny
D:8:      uniq_psyche
D:9:      the_bakery
D:10:     erik_lair_island, minmay_misc_feat_alley, serial_bayou_lake_a
D:11:     hiddenorc2_lemuel, kennysheep_generic_room_15
D:14:     cheibrodos_body_horror, david_vaults_2, minmay_strange_pillars,
          spider_trap
D:15:     hangedman_depths_entry_try_elsewhere_first, elyvilon_altar_4,
          serial_shops, nicolae_shop_trees, kennysheep_inner_square
Lair:1:   minivault_11, grunt_megastairs_5
Lair:2:   swamp_mist, basic_altar
Lair:3:   spider_nest_entry_rubble, infiniplex_staircase_pool_2,
          serial_bayou_shore_b, serial_bayou_shore_a
Lair:4:   gammafunk_mikee_crab_dinner
Lair:5:   serial_bayou_pond_e, serial_bayou_shore_b, grunt_megastairs_2,
          wad_woods_river_01
Lair:6:   due_jungle_book, nicolae_slime_entry_slimehenge
Spider:1: spider_trap, uniq_asterion
Spider:2: nicolae_orb_island
Spider:3: uniq_arachne
Spider:4: spider_rune_water

Skill      XL: |  1  2  3  4  5  6  7  8  9 10 11 12 13 |
---------------+----------------------------------------+-----
Fighting       | 4 5 6 7 8 9 11 13 14 | 14.8
Long Blades    | 4 5 6 8 10 12 13 14 15 16 | 16.5
Dodging        | 3 4 5 7 9 11 | 11.2
Armour         | 3 4 5 6 8 9 11 12 | 12.7
Stealth        | 1 2 |  2.2
Shields        | 2 4 6 |  6.5
Evocations     | |  0.3

Action                   |  1- 3 |  4- 6 |  7- 9 | 10-12 | 13-15 || total
-------------------------+-------+-------+-------+-------+-------++-------
Melee: Falchion          |    69 |    76 |   190 |   818 |   386 ||  1539
       Headbutt          |    15 |    14 |    54 |   239 |   135 ||   457
Invok: Berserk           |     2 |     2 |     3 |    14 |     5 ||    26
       Trog's Hand       |       |       |     1 |       |     5 ||     6
       Brothers in Arms  |       |       |       |       |     1 ||     1
Evoke: Wand              |       |       |       |     1 |     1 ||     2
       Box of beasts     |       |       |       |       |     2 ||     2
  Use: Scroll            |       |       |    10 |     1 |    13 ||    24
       Potion            |       |       |       |     1 |     1 ||     2
 Stab: Sleeping          |     1 |       |       |       |       ||     1
       Invisible         |       |       |     1 |       |       ||     1
  Eat: Chunk             |     2 |     8 |     5 |    27 |     9 ||    51
       Ration            |       |       |     2 |       |     2 ||     4
Armor: Animal skin       |     5 |       |       |       |       ||     5
       Chain mail        |    15 |    39 |    14 |       |       ||    68
       Scale mail        |       |       |    78 |   261 |   210 ||   549
Dodge: Dodged            |    42 |    34 |    80 |   311 |   298 ||   765
Block: Other             |       |     7 |    33 |    90 |    56 ||   186
       Reflection        |       |       |       |     2 |       ||     2
       Buckler           |       |       |       |       |    47 ||    47
       Rpst.: Falchion   |    12 |     9 |    20 |    83 |    58 ||   182

Table legend:
 A = Spawn XP
 B = Non-spawn XP
 C = Spawn XP percentage of total XP
 D = Spawn monster count
 E = Non-spawn monster count
 F = Spawn count percentage of total count
 G = Total turns spent on level
                    A         B        C        D         E        F      G
               +---------+---------+-------+---------+---------+-------+---------
         Total |       0 |   67900 |   0.0 |       0 |     403 |   0.0 |  9701
               +---------+---------+-------+---------+---------+-------+---------
           D:1 |       0 |      46 |   0.0 |       0 |      26 |   0.0 |   748
           D:2 |       0 |      69 |   0.0 |       0 |      11 |   0.0 |   457
           D:3 |       0 |     316 |   0.0 |       0 |      21 |   0.0 |   825
           D:4 |       0 |     140 |   0.0 |       0 |       5 |   0.0 |   656
           D:5 |       0 |     850 |   0.0 |       0 |      18 |   0.0 |   610
           D:6 |       0 |     205 |   0.0 |       0 |       5 |   0.0 |   208
           D:7 |       0 |     285 |   0.0 |       0 |       3 |   0.0 |   100
           D:8 |       0 |    3245 |   0.0 |       0 |      34 |   0.0 |   899
           D:9 |       0 |    2309 |   0.0 |       0 |      32 |   0.0 |   717
          D:10 |       0 |    3045 |   0.0 |       0 |      29 |   0.0 |   538
          D:11 |       0 |    7138 |   0.0 |       0 |      65 |   0.0 |   666
          D:12 |       0 |     925 |   0.0 |       0 |       8 |   0.0 |   373
          D:13 |       0 |    2255 |   0.0 |       0 |       9 |   0.0 |   249
          D:14 |       0 |     131 |   0.0 |       0 |       4 |   0.0 |    40
          D:15 |       0 |     906 |   0.0 |       0 |       3 |   0.0 |   221
        Lair:1 |       0 |     142 |   0.0 |       0 |       1 |   0.0 |    10
        Lair:2 |       0 |    1823 |   0.0 |       0 |       5 |   0.0 |   132
        Lair:3 |       0 |    3708 |   0.0 |       0 |       8 |   0.0 |   135
        Lair:4 |       0 |    4413 |   0.0 |       0 |      14 |   0.0 |   181
        Lair:5 |       0 |    2547 |   0.0 |       0 |       8 |   0.0 |   221
        Lair:6 |       0 |   13669 |   0.0 |       0 |      42 |   0.0 |   824
      Spider:1 |       0 |    8618 |   0.0 |       0 |      32 |   0.0 |   531
      Spider:2 |       0 |    2611 |   0.0 |       0 |       7 |   0.0 |    66
      Spider:3 |       0 |    8504 |   0.0 |       0 |      13 |   0.0 |   287
               +---------+---------+-------+---------+---------+-------+---------
